 Dungeon Crawl Stone Soup version 0.32-a0-433-g08bcfe7efd (webtiles) character file.

Game seed: 3950521186601356720

2 MachoJfn the Ducker (level 1, 0/16 HPs)
             Began as a Demonspawn Gladiator on Feb 22, 2024.
             Frozen to death by an endoplasm (5 damage)
             ... on level 1 of the Dungeon.
             The game lasted 00:00:21 (136 turns).

MachoJfn the Ducker (Demonspawn Gladiator)           Turns: 136, Time: 00:00:22

Health: 0/16       AC:  4    Str: 14    XL:     1   Next: 33%
Magic:  1/1        EV: 12    Int:  8    God:
Gold:   23         SH:  0    Dex: 14    Spells: 0/0 levels left

rFire   . . .        a - +0 war axe
rCold   . . .        (no shield)
rNeg    . . .        b - +0 leather armour
rPois   .            c - +0 helmet
rElec   .            (no cloak)
rCorr   .            (no gloves)
SInv    .            (no boots)
Will    .....        (no amulet)
Stlth   +            (no ring)
HPRegen 0.22/turn    (no ring)
MPRegen 0.07/turn

%: no passive effects
@: no status effects
A: no striking features
a: no special abilities


You were on level 1 of the Dungeon.
You visited 1 branch of the dungeon, and saw 1 of its levels.

You collected 23 gold pieces.

Inventory:

Hand Weapons
 a - a +0 war axe (weapon)
Missiles
 d - 3 throwing nets (quivered)
 e - a javelin
Armour
 b - a +0 leather armour (worn)
 c - a +0 helmet (worn)
Potions
 f - a potion of curing {unknown}


   Skills:
 + Level 2.0 Fighting
 + Level 2.6 Axes
 - Level 1.7 Throwing
 + Level 2.8 Dodging
 + Level 0.4 Stealth


You couldn't memorise any spells.
You didn't know any spells.
Your spell library was empty.

Dungeon Overview and Level Annotations

Branches:
Dungeon (1/15)

Altars:


Message History

There is an open door here.
There is an open door here.
There is a staircase leading out of the dungeon here.
You now have 6 gold pieces.
You now have 15 gold pieces (gained 9).
Found a stone staircase leading down.
You now have 23 gold pieces (gained 8).
Found a leather armour.
You see here a +0 leather armour.
A goblin comes into view. It is wielding a +0 club.
The goblin shouts!
You hear a shout!
Found a mace.
The goblin hits you with a +0 club.
You barely miss the goblin. The goblin misses you.
You hit the goblin.
The goblin is heavily wounded.
The goblin hits you with a +0 club.
You miss the goblin.
The goblin is heavily wounded.
The goblin hits you with a +0 club. The goblin barely misses you.
You hit the goblin.
You kill the goblin!
An endoplasm comes into view.
An endoplasm comes into view.
Things that are here:
a +0 club; a goblin corpse The endoplasm freezes you.
You are frozen.
The endoplasm jiggles.
The endoplasm freezes you.
You are frozen.
The endoplasm hits you but does no damage.
You barely miss the endoplasm. You slash the endoplasm!
You kill the endoplasm!
The endoplasm hits you but does no damage.
The endoplasm hits you.
You barely miss the endoplasm. The endoplasm freezes you.
You are frozen.
You die...

##..# . ...# . . ...#
..#. #..# #
....###..###.###
................ #
... #.......J.....#
.# #.# #..@# ..# #.#
#)#.# .#
#.##.#.###.#.# #
#.##.).......#
#.####.###.### #.#
#.###.####.# #####.#
#..........#
..[...########.####.#
...............#


You could see an endoplasm.

Vanquished Creatures
  An endoplasm (D:1)
  A goblin (D:1)
2 creatures vanquished.

Notes
Turn   | Place    | Note
-------+----------+-------------------------------------------
     0 | D:1      | MachoJfn the Demonspawn Gladiator began the quest for the
                  | Orb.
     0 | D:1      | Reached XP level 1. HP: 16/16 MP: 1/1
   136 | D:1      | Frozen to death by an endoplasm

Illustrated notes

Levels and vault maps discovered:
D:1:      dpeg_arrival_connections, layout_loops_ring,
          hellmonk_ecumenical_altar_heavens_door

Action                     || total
---------------------------++-------
  Melee: War axe           ||     6
 Armour: Leather armour    ||     6
  Dodge: Dodged            ||     2

Table legend: (Time is in decaauts)
 A = Elapsed time spent in this place.
 B = Non-inter-level travel time spent in this place.
 C = Inter-level travel time spent in this place.
 D = Time resting spent in this place.
 E = Time spent auto-exploring this place.
 F = Levels seen in this place.
 G = Mean time per level.
                   A        B        C        D        E       F      G
               +--------+--------+--------+--------+--------+-----+--------+
         Total |    138 |    132 |      6 |      0 |    114 |   1 |  138.0 |
       Dungeon |    138 |    132 |      6 |      0 |    114 |   1 |  138.0 |
               +--------+--------+--------+--------+--------+-----+--------+

Top non-repeatable levels by time:
     D:1: 138 daAuts
